General information
- name: BNet
- type: Ladder team game (AT/RT)
- host: Battle.net
- saver: Bromeister
map: BloodstoneMesa
- players: 6
- length: 22:22
- speed: Fast
- version: 1.26 W3XP
- replay type: Public
» download(130 KB)
Players
team 1 (winner)
Bromeister (
pink | 74 APM | 1649 actions | 22:22)
8 Far Seer
3 Feral Spirit
3 Chain Lighting
1 Earth Quake
1 Far Sight
» actions
| Assign group hotkey | 31 | |
| Basic commands | 69 | |
| Build / train | 61 | |
| Enter build submenu | 22 | |
| Enter hero's abilities submenu | 9 | |
| Give item / drop item | 2 | |
| Remove unit from queue | 6 | |
| Right click | 768 | |
| Select / deselect | 262 | |
| Select group hotkey | 341 | |
| Use ability | 78 | |
1649 total
» units
| Peon | 18 | |
| Wind Rider | 10 | |
| Kodo Beast | 1 | |
| Troll Batrider | 1 | |
30 total
» upgrades
| Pillage | 0 | |
| Armor | 1 | |
| Ranged Weapons | 2 | |
| Envenomed Spears | 1 | |
4 total
» buildings
| War Mill | 1 | |
| Orc Burrow | 6 | |
| Watch Tower | 5 | |
| Stronghold | 2 | |
| Altar of Storms | 1 | |
| Beastiary | 2 | |
| Voodoo Lounge | 1 | |
| Fortress | 2 | |
| Great Hall | 1 | |
21 total
» build order
00:07 War Mill
01:21 Orc Burrow
01:31 Watch Tower
02:08 Watch Tower
02:12 Watch Tower
02:34 Stronghold
02:34 Stronghold
02:43 Altar of Storms
03:22 Watch Tower
04:10 Watch Tower
05:30 Beastiary
05:37 Orc Burrow
06:14 Beastiary
07:39 Voodoo Lounge
07:49 Orc Burrow
07:52 Fortress
07:52 Fortress
08:38 Orc Burrow
09:09 Orc Burrow
14:19 Orc Burrow
15:22 Great Hall
» items
| Potion of Healing | 1 | |
| Potion of Mana | 1 | |
| Scroll of Speed | 2 | |
| Healing Salve | 4 | |
| Scroll of Town Portal | 4 | |
12 total
CQQL (
blue | 88 APM | 1844 actions | 21:03)
5 Blademaster
1 Wind Walk
3 Critical Strike
1 Bladestorm
» actions
| Assign group hotkey | 38 | |
| Basic commands | 19 | |
| Build / train | 58 | |
| Enter build submenu | 27 | |
| Enter hero's abilities submenu | 6 | |
| Right click | 796 | |
| Select / deselect | 503 | |
| Select group hotkey | 322 | |
| Use ability | 73 | |
1844 total
» units
| Peon | 10 | |
| Raider | 15 | |
| Troll Batrider | 8 | |
33 total
» upgrades
| Spiked Barricades | 1 | |
| Pillage | 1 | |
| Melee Weapons | 3 | |
| Reinforced Defenses | 1 | |
| Armor | 2 | |
8 total
» buildings
| Altar of Storms | 1 | |
| Orc Burrow | 7 | |
| Voodoo Lounge | 1 | |
| War Mill | 1 | |
| Watch Tower | 9 | |
| Stronghold | 1 | |
| Beastiary | 3 | |
| Fortress | 1 | |
24 total
» build order
00:19 Altar of Storms
00:34 Orc Burrow
01:09 Voodoo Lounge
01:52 War Mill
02:12 Orc Burrow
03:20 Watch Tower
03:21 Stronghold
03:59 Watch Tower
04:24 Watch Tower
05:07 Watch Tower
05:31 Orc Burrow
05:50 Beastiary
05:58 Beastiary
06:52 Fortress
08:32 Orc Burrow
09:34 Orc Burrow
10:12 Watch Tower
10:46 Orc Burrow
12:30 Orc Burrow
13:07 Beastiary
13:55 Watch Tower
13:56 Watch Tower
15:07 Watch Tower
15:10 Watch Tower
» items
| Healing Salve | 3 | |
| Lesser Clarity Potion | 2 | |
| Scroll of Speed | 1 | |
6 total
44thhokage (
teal | 43 APM | 911 actions | 21:03)
6 Archmage
1 Summon Water Elemental
1 Brilliance Aura
3 Blizzard
1 Mass Teleport
3 Mountain King
2 Storm Bolt
1 Bash
» actions
| Assign group hotkey | 31 | |
| Basic commands | 133 | |
| Build / train | 60 | |
| Enter build submenu | 26 | |
| Enter hero's abilities submenu | 9 | |
| Give item / drop item | 2 | |
| Right click | 169 | |
| Select / deselect | 253 | |
| Select group hotkey | 170 | |
| Use ability | 58 | |
911 total
» units
| Peasant | 11 | |
| Footman | 5 | |
| Rifleman | 8 | |
| Mortar Team | 8 | |
| Siege Engine | 8 | |
40 total
» upgrades
| Long Rifles | 1 | |
| Gunpowder | 1 | |
| Lumber Harvesting | 1 | |
| Barrage | 1 | |
4 total
» buildings
| Altar of Kings | 1 | |
| Farm | 11 | |
| Lumber Mill | 1 | |
| Barracks | 2 | |
| Scout Tower | 1 | |
| Keep | 1 | |
| Arcane Tower | 1 | |
| Blacksmith | 1 | |
| Arcane Vault | 1 | |
| Workshop | 3 | |
| Castle | 1 | |
| Town Hall | 1 | |
25 total
» build order
00:16 Altar of Kings
00:20 Farm
00:24 Lumber Mill
00:59 Barracks
01:24 Farm
02:15 Farm
02:36 Barracks
03:04 Farm
03:19 Scout Tower
03:49 Keep
03:54 Arcane Tower
04:00 Farm
04:23 Blacksmith
05:28 Arcane Vault
05:41 Farm
06:28 Workshop
09:24 Farm
10:16 Farm
11:13 Castle
11:20 Farm
13:40 Farm
14:22 Farm
15:07 Workshop
15:56 Town Hall
18:51 Workshop
» items
team 2 (loser)

»
wowwowkk (
orange | 88 APM | 1107 actions | 12:38)
4 Death Knight
2 Death Coil
2 Unholy Aura
» actions
| Assign group hotkey | 65 | |
| Basic commands | 90 | |
| Build / train | 47 | |
| ESC pressed | 5 | |
| Enter build submenu | 17 | |
| Enter hero's abilities submenu | 4 | |
| Give item / drop item | 2 | |
| Right click | 386 | |
| Select / deselect | 188 | |
| Select group hotkey | 256 | |
| Use ability | 47 | |
1107 total
» units
| Acolyte | 4 | |
| Ghoul | 10 | |
| Crypt Fiend | 3 | |
| Frost Wyrm | 3 | |
20 total
» upgrades
» buildings
| Crypt | 1 | |
| Ziggurat | 6 | |
| Altar of Darkness | 1 | |
| Tomb of Relics | 1 | |
| Nerubian Tower | 1 | |
| Graveyard | 1 | |
| Halls of the Dead | 3 | |
| Black Citadel | 3 | |
| Sacrificial Pit | 1 | |
| Boneyard | 2 | |
20 total
» build order
00:19 Crypt
00:21 Ziggurat
00:32 Altar of Darkness
00:49 Tomb of Relics
01:12 Ziggurat
01:31 Nerubian Tower
02:15 Graveyard
02:53 Halls of the Dead
02:53 Halls of the Dead
05:16 Black Citadel
06:36 Sacrificial Pit
07:41 Boneyard
07:45 Boneyard
07:56 Ziggurat
07:58 Ziggurat
09:12 Ziggurat
10:34 Ziggurat
» items
| Rod of Necromancy | 3 | |
| Dust of Appearance | 1 | |
| Potion of Mana | 1 | |
5 total

»
onenine (
green | 123 APM | 1580 actions | 12:50)
3 Dreadlord
1 Sleep
2 Vampiric Aura
» actions
| Assign group hotkey | 23 | |
| Basic commands | 149 | |
| Build / train | 81 | |
| ESC pressed | 3 | |
| Enter build submenu | 17 | |
| Enter hero's abilities submenu | 3 | |
| Right click | 148 | |
| Select / deselect | 367 | |
| Select group hotkey | 710 | |
| Use ability | 79 | |
1580 total
» units
| Acolyte | 14 | |
| Ghoul | 14 | |
| Gargoyle | 10 | |
| Obsidian Statue | 2 | |
| Abomination | 2 | |
42 total
» upgrades
| Cannibalize | 1 | |
| Unholy Strength | 1 | |
| Unholy Armor | 1 | |
| Ghoul Frenzy | 1 | |
| Disease Cloud | 1 | |
| Destroyer Form | 1 | |
6 total
» buildings
| Crypt | 1 | |
| Ziggurat | 6 | |
| Graveyard | 1 | |
| Altar of Darkness | 1 | |
| Tomb of Relics | 2 | |
| Nerubian Tower | 1 | |
| Necropolis | 1 | |
| Halls of the Dead | 6 | |
| Black Citadel | 3 | |
| Slaughterhouse | 2 | |
| Spirit Tower | 1 | |
25 total
» build order
00:13 Crypt
00:25 Ziggurat
00:43 Graveyard
00:58 Altar of Darkness
01:16 Ziggurat
01:50 Tomb of Relics
02:24 Tomb of Relics
04:32 Nerubian Tower
05:43 Necropolis
06:13 Halls of the Dead
06:13 Halls of the Dead
06:13 Halls of the Dead
06:13 Halls of the Dead
06:43 Ziggurat
06:45 Ziggurat
07:10 Ziggurat
07:16 Ziggurat
08:34 Black Citadel
08:34 Black Citadel
08:36 Slaughterhouse
08:45 Slaughterhouse
11:41 Spirit Tower
» items
| Rod of Necromancy | 8 | |
| Sacrificial Skull | 1 | |
9 total
Best(On)West (
yellow | 45 APM | 946 actions | 21:03)
4 Pit Lord
2 Rain of Fire
2 Cleaving Attack
1 Death Knight
1 Death Coil
1 Dreadlord
1 Sleep
» actions
| Basic commands | 9 | |
| Build / train | 93 | |
| Enter build submenu | 35 | |
| Enter hero's abilities submenu | 6 | |
| Give item / drop item | 1 | |
| Right click | 368 | |
| Select / deselect | 379 | |
| Use ability | 55 | |
946 total
» units
| Acolyte | 13 | |
| Ghoul | 14 | |
| Gargoyle | 22 | |
| Frost Wyrm | 7 | |
| Obsidian Statue | 2 | |
| Meatwagon | 3 | |
61 total
» upgrades
| Unholy Strength | 1 | |
| Unholy Armor | 1 | |
| Cannibalize | 1 | |
| Web | 1 | |
| Creature Attack | 2 | |
| Creature Carapace | 1 | |
7 total
» buildings
| Ziggurat | 21 | |
| Crypt | 2 | |
| Altar of Darkness | 2 | |
| Necropolis | 1 | |
| Tomb of Relics | 1 | |
| Nerubian Tower | 4 | |
| Graveyard | 2 | |
| Halls of the Dead | 2 | |
| Spirit Tower | 9 | |
| Sacrificial Pit | 1 | |
| Black Citadel | 1 | |
46 total
» build order
00:16 Ziggurat
00:17 Crypt
00:48 Ziggurat
01:00 Altar of Darkness
01:23 Necropolis
03:02 Tomb of Relics
03:12 Nerubian Tower
04:01 Ziggurat
04:06 Graveyard
05:31 Halls of the Dead
06:43 Crypt
07:48 Nerubian Tower
07:52 Ziggurat
08:29 Ziggurat
09:39 Ziggurat
09:41 Ziggurat
10:00 Ziggurat
10:02 Ziggurat
10:06 Ziggurat
10:17 Ziggurat
10:21 Ziggurat
10:28 Ziggurat
10:35 Nerubian Tower
10:45 Nerubian Tower
11:14 Spirit Tower
11:23 Spirit Tower
11:25 Spirit Tower
12:14 Spirit Tower
12:55 Spirit Tower
13:11 Spirit Tower
13:47 Spirit Tower
13:49 Ziggurat
13:51 Ziggurat
14:04 Ziggurat
14:06 Ziggurat
14:21 Ziggurat
14:22 Halls of the Dead
14:24 Ziggurat
15:03 Ziggurat
15:17 Spirit Tower
18:11 Sacrificial Pit
19:02 Spirit Tower
19:06 Altar of Darkness
19:08 Graveyard
19:11 Ziggurat
19:26 Black Citadel
» items
| Rod of Necromancy | 1 | |
| Potion of Healing | 1 | |
2 total
Chat log
(00:16 / Allies) Bromeister: im pro towerer
(00:20 / Allies) Bromeister: trust me
(00:25 / Allies) CQQL: u failed
(00:28 / Allies) CQQL: the last time
(00:31 / Allies) Bromeister: dont be gay
(00:32 / Allies) Bromeister: im rank 10
(00:36 / Allies) Bromeister: pure towering
(00:39 / Allies) CQQL: but u did fail
(00:42 / Allies) Bromeister: my allies were so gay
(00:49 / Allies) Bromeister: all u need to do is fucking pump
(00:50 / Allies) Bromeister: thats all
(01:02 / Allies) Bromeister: he refused. we lost
(01:12 / Allies) Bromeister: towering depends on ally
(01:25 / Allies) Bromeister: gold plz
(01:39 / Allies) CQQL: lol
(01:40 / Allies) Bromeister: what the fuck
(01:47 / Allies) 44thhokage: move in more
(01:59 / Allies) Bromeister: kk
(02:00 / Allies) Bromeister: holy shit
(02:04 / Allies) Bromeister: that aggro
(02:17 / Allies) Bromeister: i think like he sees me
(02:25 / Allies) Bromeister: fail
(02:30 / Allies) Bromeister: k plan b
(02:31 / Allies) CQQL: that really was
(02:33 / Allies) CQQL: lol
(02:34 / Allies) Bromeister: teching
(02:38 / All) Best(On)West: ur good pink
(02:40 / Allies) Bromeister: straight to wyvws
(02:42 / All) Best(On)West: at sucking dick
(02:45 / Allies) Bromeister: ty
(02:49 / All) Bromeister: umad
(02:54 / All) Best(On)West: lol
(03:04 / All) Bromeister: i dont get why this kid so mad lol
(03:11 / All) Bromeister: uamdbitch
(03:31 / All) CQQL: lol
(03:33 / Allies) Bromeister: tech teal?
(03:34 / Allies) Bromeister: or mass more
(03:37 / All) Best(On)West: mad at ur failed atempt ?
(03:41 / All) Bromeister: so so mad
(03:43 / All) Bromeister: im trembling
(03:50 / All) Bromeister: im so furios
(03:53 / All) Bromeister: lawl
(04:00 / All) Bromeister: keep getting trolled nubcake
(04:02 / All) Bromeister: LOL
(04:10 / All) Best(On)West: ur cute kid
(04:17 / All) Bromeister: ujelly? im rank 10
(04:21 / All) Bromeister: faggot
(04:25 / All) Best(On)West: wont last long
(04:27 / All) Bromeister: lul
(04:28 / All) Best(On)West: ill take over soon
(04:31 / All) Bromeister: im playing 24/7
(04:34 / All) Bromeister: i dont have work tomorrow
(04:35 / All) Bromeister: LOL
(04:38 / Allies) Bromeister: GG NORE
(04:38 / All) Best(On)West: so be it
(04:39 / All) Best(On)West: lol
(04:41 / All) Bromeister: energy drink bro
(04:45 / All) Bromeister: Amp and weed
(04:48 / All) Bromeister: :)
(04:58 / All) Best(On)West: can u do that for one year lol
(05:05 / All) Bromeister: lolwut
(05:08 / All) Bromeister: u die
(05:24 / Allies) Bromeister: expo teal
(05:48 / Allies) Bromeister: damn frosties?
(06:08 / Allies) Bromeister: wood plz
(06:28 / Allies) Bromeister: creep teal
(06:34 / Allies) 44thhokage: stfu
(06:36 / Allies) 44thhokage: dont follow
(06:45 / Allies) Bromeister: lol
(06:55 / Allies) Bromeister: im jus helping
(06:56 / Allies) Bromeister: chill
(07:00 / Allies) 44thhokage: stfu
(07:06 / Allies) 44thhokage: u have no units yet u follow and jack items
(07:08 / Allies) 44thhokage: fag
(07:11 / Allies) Bromeister: i will soon
(07:14 / Allies) CQQL: LOL
(07:18 / Allies) Bromeister: gg
(07:22 / All) Bromeister: WTF
(07:27 / Allies) Bromeister: gg
(08:04 / Allies) Bromeister: looks like gg
(08:07 / Allies) Bromeister: teals going jew on me
(10:40 / Allies) CQQL: he got frosties
(10:45 / Allies) Bromeister: cool story bro
(12:16 / Allies) Bromeister: wyrms
(12:34 / All) Bromeister: gg noobs
(12:38 / All) onenine: gg
(12:40 / All) Bromeister: LOL
(12:42 / All) onenine: c u later
(12:43 / All) Bromeister: come here slut
(13:41 / Allies) CQQL: zzz
(15:04 / Allies) Bromeister: gold me
(15:04 / Allies) Bromeister: plz
(15:14 / Allies) Bromeister: plz
(15:26 / Allies) Bromeister: gold
(17:39 / All) CQQL: LOL
(17:42 / Allies) Bromeister: lol
(17:43 / Allies) Bromeister: gold me
(17:46 / Allies) Bromeister: i'l come save
(17:56 / Allies) Bromeister: gold
(21:19 / All) Bromeister: LOL
(21:24 / All) Bromeister: blue
(21:26 / All) Bromeister: gj bro
(21:31 / Allies) Bromeister: fightme
(21:36 / Allies) Bromeister: 1v1